Map: Deathaura LE

Players

PartinG - Winner!

  • Race: Protoss Protoss
  • Spawn Location: 11:00

Rogue

  • Race: Zerg Zerg
  • Spawn Location: 5:00

Event: IEM Katowice 2021

VOD

Have the link to the VOD?

Description

Time

  • Played on: Feb. 25, 2021, 10:39 a.m.
  • Length: 28:25

All games in this series

Show
View Real Time Build Order
Export as new Build Order

PartinG Protoss - Winner!

Build Orders: 1 Gate Expand, Mass Adepts 

Get SALT Encoding   

  12  0:00  Probe  
  13  0:12  Probe  
  14  0:17  Pylon  
  14  0:24  Probe (Chrono Boost)  
  15  0:36  Gateway, Probe (Chrono Boost)  
  16  0:44  Probe (Chrono Boost)  
  17  0:50  Probe  
  18  1:12  Nexus  
  18  1:16  Assimilator  
  18  1:18  Probe  
  19  1:23  Assimilator  
  19  1:30  Probe (Chrono Boost)  
  20  1:36  Cybernetics Core  
  21  1:41  Probe (Chrono Boost)  
  21  1:46  Probe (Chrono Boost)  
  21  1:51  Pylon  
  22  1:56  Probe  
  23  2:09  Probe (Chrono Boost)  
  23  2:13  Stalker, Warp Gate  
  26  2:19  Probe (Chrono Boost)  
  27  2:24  Probe (Chrono Boost)  
  27  2:28  Probe (Chrono Boost)  
  29  2:33  Probe (Chrono Boost), Twilight Council  
  29  2:36  Probe (Chrono Boost)  
  31  2:38  Probe (Chrono Boost)  
  31  2:43  Adept  
  34  2:50  Robotics Facility  
  34  2:52  Probe  
  34  2:55  Probe  
  36  3:01  Gateway  
  36  3:06  Gateway  
  36  3:09  Resonating Glaives (Chrono Boost)  
  36  3:10  Probe  
  37  3:13  Probe  
  37  3:19  Gateway  
  38  3:23  Adept  
  38  3:25  Probe  
  42  3:27  Probe  
  42  3:33  Warp Prism (Chrono Boost)  
  42  3:39  Pylon  
  44  3:43  Pylon  
  44  3:45  Probe  
  44  3:46  Probe  
  46  3:51  Pylon  
  46  4:01  Adept x2  
  46  4:02  Adept  
  52  4:07  Assimilator, Probe x2  
  55  4:19  Robotics Bay  
  54  4:24  Adept x4  
  54  4:26  Probe  
  63  4:31  Pylon  
  63  4:33  Probe  
  65  4:38  Probe  
  61  4:50  Adept x4  
  61  4:52  Probe x2  
  67  4:56  Observer (Chrono Boost)  
  67  4:59  Assimilator  
  68  5:08  Probe  
  68  5:09  Probe  
  68  5:13  Disruptor (Chrono Boost)  
  69  5:22  Pylon, Probe x2  
  69  5:24  Nexus  
  71  5:34  Gateway  
  71  5:35  Gateway  
  71  5:39  Disruptor (Chrono Boost)  
  74  5:47  Shield Battery  
  74  5:50  Shield Battery  
  74  5:52  Pylon  
  74  5:53  Stalker x2  
  74  5:54  Sentry  
  74  5:55  Sentry  
  82  5:58  Probe x2  
  84  6:10  Probe  
  84  6:11  Probe  
  85  6:15  Immortal  
  89  6:19  Observer  
  89  6:23  Stalker x2  
  93  6:27  Pylon  
  93  6:29  Pylon x2  
  93  6:30  Pylon  
  93  6:37  Probe x2  
  93  6:38  Probe  
  93  6:39  Sentry x2  
  100  6:43  Stalker  
  100  6:46  Stalker  
  104  6:49  Blink (Chrono Boost)  
  104  6:50  Probe x3  
  107  7:00  Pylon  
  107  7:02  Pylon  
  107  7:03  Probe x3  
  110  7:14  Stalker x4  
  118  7:17  Assimilator  
  118  7:23  Probe x3, Forge  
  118  7:27  Assimilator  
  121  7:30  Stalker x2  
  125  7:38  Gateway  
  125  7:39  Gateway  
  125  7:42  Probe x2  
  127  7:46  Probe  
  128  7:55  Protoss Ground Weapons Level 1 (Chrono Boost), Stalker x3  
  128  7:56  Stalker x2  
  128  7:57  Sentry  
  140  8:04  Pylon  
  140  8:20  Stalker x5  
  140  8:21  Stalker  
  141  8:42  Stalker x2  
  120  8:48  Stalker x3  
  120  8:49  Stalker x3  
  122  9:01  Probe x2  
  120  9:02  Nexus  
  120  9:04  Photon Cannon  
  120  9:05  Shield Battery  
  110  9:14  Warp Prism  
  108  9:19  Stalker x5  
  108  9:23  Robotics Facility  
  110  9:45  Protoss Ground Weapons Level 2 (Chrono Boost)  
  106  9:46  Stalker x6  
  106  9:49  Disruptor (Chrono Boost)  
  117  9:56  Stalker x2  
  121  10:09  Shield Battery  
  121  10:10  Pylon  
  121  10:11  Photon Cannon  
  124  10:14  Disruptor (Chrono Boost)  
  124  10:15  Probe x2  
  124  10:16  Probe  
  124  10:17  Probe  
  128  10:22  Stalker x2  
  128  10:23  Stalker x2  
  136  10:30  Disruptor (Chrono Boost)  
  136  10:34  Disruptor (Chrono Boost)  
  139  10:38  Stalker x3  
  136  10:53  Stalker x4  
  136  10:54  Stalker  
  134  11:03  Disruptor  
  131  11:07  Stalker x2  
  135  11:11  Stalker  
  135  11:15  Gateway  
  135  11:16  Gateway  
  137  11:23  Stalker x4  
  137  11:25  Probe  
  146  11:26  Assimilator, Probe x3  
  146  11:28  Zealot, Assimilator  
  151  11:36  Disruptor  
  151  11:38  Pylon  
  154  11:41  Protoss Ground Weapons Level 3 (Chrono Boost)  
  154  11:46  Stalker x3  
  154  11:47  Stalker  
  162  11:48  Observer  
  162  11:50  Stalker x2  
  164  11:57  Charge (Chrono Boost)  
  164  12:00  Stalker x2  
  168  12:15  Probe x3  
  162  12:33  Disruptor (Chrono Boost)  
  162  12:35  Disruptor (Chrono Boost)  
  165  12:37  Zealot, Nexus  
  165  12:38  Zealot x9  
  175  13:06  Disruptor (Chrono Boost)  
  175  13:09  Zealot x7  
  175  13:10  Disruptor (Chrono Boost)  
  195  13:27  Photon Cannon  
  195  13:29  Templar Archives, Photon Cannon  
  195  13:31  Photon Cannon  
  195  13:33  Photon Cannon  
  195  13:34  Shield Battery x2  
  179  13:54  Psionic Storm, Disruptor x2  
  179  13:55  Zealot x8  
  166  13:56  Zealot x2  
  154  14:17  High Templar x6  
  154  14:21  Photon Cannon  
  154  14:22  Photon Cannon  
  154  14:23  Photon Cannon  
  166  14:26  Photon Cannon  
  166  14:28  Shield Battery  
  166  14:30  Disruptor  
  166  14:31  Shield Battery  
  151  14:33  Shield Battery  
  151  14:35  Pylon, Zealot x4  
  157  14:50  Zealot x6  
  157  14:56  Zealot x4  
  157  14:58  Probe x4  
  166  15:03  Disruptor (Chrono Boost)  
  166  15:04  Disruptor (Chrono Boost)  
  163  15:10  Probe  
  165  15:20  Stalker x2  
  157  15:30  Archon  
  157  15:31  Archon  
  153  15:37  Zealot x2  
  153  15:38  Stalker x6  
  157  15:43  Disruptor  
  157  15:44  Disruptor  
  157  15:45  Pylon  
  158  16:00  Stalker x3  
  164  16:10  Zealot x7  
  178  16:15  Pylon  
  178  16:16  Stargate x2  
  178  16:18  Pylon  
  178  16:30  Observer x2  
  178  16:46  Zealot x10  
  182  17:09  Zealot, High Templar x2  
  182  17:10  Zealot x6  
  182  17:14  Gravitic Boosters (Chrono Boost), Nexus  
  200  17:17  Photon Cannon  
  200  17:19  Photon Cannon  
  200  17:21  Photon Cannon  
  174  17:37  High Templar x5  
  175  17:48  Zealot x3  
  175  17:50  Observer  
  178  17:52  Archon  
  178  17:53  Zealot x2  
  172  17:58  Observer (Chrono Boost)  
  172  17:59  Observer (Chrono Boost)  
  158  18:15  Zealot x2  
  158  18:16  Zealot x8, Disruptor x2 (Chrono Boost)  
  164  18:40  Zealot x3  
  154  18:42  Stalker x7  
  154  18:48  Nexus  
  168  18:49  Pylon  
  153  19:00  Observer  
  99  19:08  Stalker x5  
  99  19:09  Stalker x5  
  104  19:17  Probe x3  
  104  19:21  Disruptor x2 (Chrono Boost)  
  113  19:33  Zealot, Shield Battery  
  113  19:34  Zealot  
  113  19:35  High Templar  
  113  19:36  High Templar  
  121  19:44  High Templar x4  
  129  20:19  Disruptor x2 (Chrono Boost)  
  129  20:25  Zealot x5  
  129  20:26  Zealot x5  
  154  20:47  Warp Prism (Chrono Boost), Zealot x9, Pylon  
  154  20:48  Zealot  
  168  21:07  Disruptor (Chrono Boost)  
  168  21:10  Photon Cannon  
  168  21:11  Photon Cannon  
  171  21:12  Shield Battery  
  171  21:13  Shield Battery  
  171  21:14  Assimilator  
  171  21:15  Assimilator  
  169  21:19  Disruptor (Chrono Boost)  
  164  21:26  Zealot  
  164  21:27  Zealot x5  
  176  21:33  Archon  
  158  21:41  Stalker x3  
  158  21:45  Zealot  
  162  21:55  High Templar x3  
  162  21:56  High Templar  
  170  22:07  Zealot x6  
  170  22:28  Observer (Chrono Boost)  
  170  22:29  Observer (Chrono Boost)  
  168  22:41  Nexus  
  168  22:43  Stalker x4, Pylon  
  176  22:44  Observer  
  176  22:48  Observer  
  176  22:49  Observer  
  178  22:53  Pylon  
  176  23:08  Observer  
  176  23:14  Observer  
  176  23:16  Zealot x3  
  176  23:17  Zealot x6  
  168  23:37  Disruptor x2 (Chrono Boost)  
  174  23:41  Observer  
  174  23:55  High Templar x2  
  174  23:56  Nexus  
  174  23:57  Pylon  
  174  24:00  Pylon  
  178  24:07  Zealot  
  178  24:09  Zealot x5  
  190  24:26  Photon Cannon  
  190  24:28  Photon Cannon  
  190  24:30  Photon Cannon  
  177  24:32  Photon Cannon  
  177  24:33  Shield Battery  
  177  24:40  Disruptor  
  177  24:41  Disruptor  
  173  24:55  Archon  
  173  24:57  Zealot x4  
  173  24:58  Zealot x2  
  177  25:10  Shield Battery  
  177  25:16  Disruptor  
  180  25:27  Shield Battery  
  178  25:29  Shield Battery  
  164  25:44  High Templar x3  
  164  25:45  High Templar  
  164  25:49  Observer  
  173  25:50  Pylon  
  173  25:51  Nexus  
  173  25:53  Observer  
  151  26:20  Zealot x5  
  156  26:44  Disruptor x2  
  139  26:54  Zealot x3  
  139  26:55  Zealot x3  
  139  26:59  Archon  
  148  27:03  Unknown  
  148  27:17  Zealot x4  
  148  27:21  Observer x2 (Chrono Boost)  
  157  27:25  Archon  
  155  27:31  Zealot x3  
  161  27:40  Observer x2 (Chrono Boost)  
  161  27:41  Zealot x3  
  158  28:07  Zealot x5  
  140  28:16  Zealot x3  
  140  28:17  Zealot x2  
Show
View Real Time Build Order
Export as new Build Order

Rogue Zerg 

Build Orders: Hatch First, Lurkers 

Get SALT Encoding   

  12  0:00  Drone  
  13  0:11  Overlord  
  13  0:16  Drone  
  14  0:29  Drone  
  14  0:30  Drone  
  16  0:45  Drone  
  17  0:51  Hatchery  
  17  0:53  Drone  
  17  0:56  Drone  
  18  1:08  Extractor  
  17  1:12  Spawning Pool  
  17  1:16  Drone  
  17  1:19  Drone  
  18  1:28  Drone  
  19  1:37  Overlord  
  19  1:49  Drone  
  20  1:58  Queen  
  20  1:59  Zergling x2  
  23  2:03  Zergling x2, Queen  
  26  2:11  Drone  
  26  2:12  Metabolic Boost  
  26  2:15  Drone  
  28  2:21  Drone  
  29  2:25  Drone  
  30  2:32  Drone  
  31  2:40  Hatchery  
  30  2:44  Queen  
  30  2:48  Overlord  
  33  2:51  Drone  
  33  2:54  Drone  
  33  2:57  Drone  
  33  2:58  Drone  
  36  3:11  Drone x5  
  41  3:17  Overlord  
  41  3:20  Queen  
  41  3:22  Drone  
  44  3:36  Drone x2  
  44  3:39  Drone  
  44  3:40  Drone x2, Roach Warren  
  48  3:45  Drone x2  
  50  3:52  Queen  
  50  3:54  Drone x3  
  55  3:55  Extractor  
  55  3:59  Overlord  
  54  4:03  Zergling x2  
  54  4:04  Zergling x6  
  54  4:07  Spine Crawler  
  54  4:09  Zergling x2  
  58  4:11  Spore Crawler  
  58  4:15  Zergling x2  
  58  4:20  Roach x3  
  58  4:21  Roach  
  58  4:22  Overlord  
  66  4:29  Overlord  
  66  4:36  Overlord  
  66  4:42  Zergling x2  
  66  4:43  Zergling x12  
  66  4:45  Zergling x4  
  68  4:48  Zergling x4  
  68  4:50  Spore Crawler  
  68  4:52  Spore Crawler  
  62  4:55  Zergling x2  
  62  4:59  Ravager  
  61  5:00  Ravager  
  61  5:02  Drone x3  
  62  5:08  Drone  
  62  5:09  Drone  
  63  5:14  Drone  
  63  5:17  Drone  
  63  5:20  Drone x2  
  66  5:23  Ravager  
  66  5:30  Drone x3  
  66  5:32  Drone x2  
  71  5:36  Ravager  
  71  5:37  Drone  
  71  5:40  Drone  
  74  5:44  Drone x4  
  74  5:48  Overlord  
  78  5:51  Drone x2  
  78  5:52  Overlord  
  78  5:57  Extractor x2  
  79  5:58  Lair  
  79  6:00  Drone  
  79  6:05  Drone x2  
  79  6:10  Drone  
  79  6:11  Drone x2  
  82  6:13  Drone x4  
  82  6:14  Extractor  
  85  6:22  Drone x4  
  85  6:23  Drone  
  85  6:24  Drone x3  
  90  6:31  Evolution Chamber  
  89  6:38  Drone x2  
  89  6:39  Drone  
  92  6:43  Roach x3  
  92  6:44  Extractor  
  92  6:45  Overlord x4  
  97  6:51  Overlord  
  97  6:58  Glial Reconstitution  
  97  6:59  Zerg Missile Weapons Level 1  
  97  7:04  Drone x2  
  97  7:07  Roach x4  
  107  7:12  Hatchery  
  107  7:13  Roach x3  
  112  7:19  Roach  
  112  7:20  Roach x3  
  112  7:21  Overseer  
  120  7:26  Roach x3  
  120  7:27  Roach  
  128  7:30  Roach  
  130  7:38  Roach x4  
  130  7:40  Overlord x2  
  130  7:42  Overlord  
  138  7:48  Infestation Pit  
  137  7:52  Drone  
  137  7:53  Overlord x2  
  137  8:00  Drone  
  137  8:01  Drone x3  
  141  8:06  Roach x5  
  141  8:09  Ravager  
  141  8:10  Ravager x7  
  163  8:13  Roach x2  
  163  8:16  Roach x3  
  163  8:17  Zergling x4  
  172  8:20  Zergling x2  
  172  8:21  Ravager  
  172  8:23  Zergling x8  
  177  8:28  Roach  
  177  8:33  Roach  
  177  8:36  Roach  
  177  8:40  Roach x5  
  165  8:42  Roach x4  
  165  8:46  Roach x2  
  142  8:53  Roach x4  
  141  8:57  Roach  
  141  9:01  Roach  
  127  9:05  Roach x5  
  127  9:08  Roach x3  
  134  9:13  Zergling x10  
  134  9:20  Zergling x6, Ravager  
  134  9:21  Zergling x6, Ravager x2  
  134  9:23  Ravager  
  144  9:27  Roach x2  
  144  9:28  Extractor  
  144  9:29  Overseer  
  145  9:32  Roach  
  145  9:33  Roach  
  145  9:35  Roach  
  145  9:37  Drone  
  145  9:38  Drone x3  
  148  9:39  Drone  
  148  9:40  Drone  
  148  9:42  Hive  
  141  9:49  Zergling x10  
  141  9:52  Hydralisk Den  
  142  9:53  Drone  
  142  9:58  Drone x2  
  142  9:59  Drone x2  
  145  10:00  Zerg Missile Weapons Level 2, Extractor  
  145  10:02  Zergling x2  
  145  10:03  Zergling x6  
  145  10:06  Overlord  
  148  10:07  Pneumatized Carapace  
  148  10:13  Ravager  
  149  10:22  Lurker Den  
  149  10:23  Zergling x14  
  149  10:25  Overlord  
  154  10:31  Drone  
  154  10:33  Hydralisk x3  
  161  10:39  Hydralisk x2  
  161  10:40  Hydralisk x2  
  161  10:42  Hatchery  
  153  10:51  Hydralisk x5  
  153  10:55  Zergling x2  
  153  10:56  Zergling x6  
  161  10:57  Drone  
  161  11:02  Zergling x10  
  164  11:07  Adrenal Glands  
  164  11:18  Viper x2  
  164  11:19  Seismic Spines  
  164  11:20  Overlord  
  164  11:23  Grooved Spines  
  164  11:24  Zergling x12  
  176  11:26  Overlord x2  
  176  11:33  Overlord  
  176  11:41  Lurker x3  
  176  11:42  Lurker  
  176  11:44  Zergling x2  
  176  11:45  Zergling x16  
  188  11:48  Zergling x2, Hatchery  
  188  11:51  Hydralisk x5  
  181  12:06  Lurker x5  
  186  12:12  Overseer  
  181  12:15  Hatchery  
  181  12:18  Lurker x5  
  181  12:19  Zergling x2  
  181  12:20  Zergling x16  
  183  12:32  Hydralisk x5  
  183  12:35  Muscular Augments  
  183  12:36  Adaptive Talons  
  189  12:42  Overseer  
  189  12:43  Overlord  
  188  12:52  Hatchery  
  188  12:53  Hydralisk  
  188  12:54  Hydralisk x6  
  181  13:05  Lurker x2  
  184  13:08  Drone x3  
  184  13:10  Spine Crawler  
  184  13:11  Spine Crawler x2  
  184  13:14  Hydralisk x5  
  194  13:21  Lurker  
  195  13:29  Spine Crawler  
  195  13:30  Spine Crawler  
  195  13:33  Lurker  
  195  13:34  Lurker x2  
  196  13:38  Hatchery  
  178  13:52  Hydralisk  
  178  13:53  Hydralisk x8  
  178  13:54  Zergling x16  
  178  13:55  Zergling x12  
  183  14:04  Hydralisk  
  183  14:06  Hydralisk  
  185  14:10  Lurker  
  185  14:11  Lurker  
  185  14:23  Hydralisk x7  
  175  14:37  Lurker x2  
  173  14:41  Hydralisk  
  173  14:42  Hydralisk x2  
  177  14:46  Hydralisk x2  
  177  14:48  Zergling x14  
  185  15:06  Lurker x4  
  186  15:07  Overlord  
  186  15:08  Zergling x12  
  186  15:12  Overlord  
  189  15:16  Hatchery  
  189  15:17  Overlord x2  
  187  15:25  Hydralisk  
  165  15:30  Zerg Missile Weapons Level 3  
  165  15:31  Hydralisk x5  
  167  15:39  Drone  
  166  15:47  Hydralisk x5  
  176  15:57  Overseer  
  173  15:58  Lurker x3  
  176  16:07  Lurker x2  
  176  16:10  Drone x3  
  181  16:14  Lurker  
  181  16:17  Drone x3  
  185  16:19  Hydralisk x3, Extractor  
  185  16:20  Extractor  
  185  16:22  Overseer  
  189  16:35  Hydralisk x5  
  199  16:42  Hydralisk  
  197  16:52  Hydralisk x3  
  197  16:53  Hydralisk  
  199  17:00  Hydralisk x7  
  198  17:07  Hydralisk  
  200  17:16  Spore Crawler  
  197  17:22  Lurker  
  197  17:23  Lurker x3  
  197  17:24  Overseer  
  197  17:29  Overlord  
  197  17:34  Lurker x2  
  188  17:38  Hydralisk x3  
  188  17:41  Hydralisk  
  188  17:43  Zergling x8  
  183  17:54  Hydralisk  
  183  17:55  Hydralisk  
  183  17:56  Hydralisk x4  
  183  17:57  Hydralisk  
  183  17:58  Hydralisk, Zergling x2  
  193  17:59  Zergling x2  
  193  18:04  Zergling x4  
  197  18:10  Lurker x2  
  199  18:23  Hydralisk x4  
  199  18:24  Hydralisk x2  
  180  18:33  Drone  
  180  18:34  Drone x3  
  163  18:36  Drone  
  157  18:49  Hydralisk x2  
  149  18:59  Zergling x2  
  149  19:00  Zergling x6  
  126  19:07  Drone x3  
  127  19:20  Lurker x3  
  127  19:21  Lurker x2  
  132  19:31  Viper x2  
  138  19:43  Hydralisk x3  
  144  19:49  Drone  
  144  19:50  Overseer, Spore Crawler  
  144  20:05  Hydralisk x2, Zerg Ground Armor Level 1  
  144  20:06  Hydralisk  
  150  20:09  Lurker x2  
  150  20:10  Lurker  
  153  20:19  Hydralisk x2  
  153  20:35  Lurker x3  
  155  20:50  Hatchery  
  155  20:54  Hydralisk x5  
  164  21:00  Lurker x3  
  160  21:07  Hydralisk x2  
  161  21:20  Hydralisk x3  
  167  21:28  Overseer x2  
  155  21:33  Hydralisk x3  
  117  21:49  Lurker x3  
  117  21:51  Zergling x14  
  122  22:08  Hatchery  
  110  22:15  Lurker x3  
  97  22:26  Hydralisk  
  97  22:27  Hydralisk x2  
  101  22:41  Hydralisk x2, Queen  
  101  22:42  Hydralisk  
  109  22:48  Hydralisk  
  109  22:49  Zergling x8  
  115  22:53  Overseer  
  115  22:58  Hydralisk  
  116  23:11  Hydralisk x3  
  113  23:28  Hatchery  
  112  23:34  Lurker x2  
  114  24:14  Hydralisk  
  116  24:17  Overseer  
  116  24:21  Hydralisk x2  
  119  24:43  Zergling x6  
  121  24:56  Zergling x2  
  121  24:57  Zergling x8  
  123  25:06  Hydralisk  
  125  25:14  Overseer  
  125  25:17  Lurker  
  125  25:18  Zergling x2  
  127  25:23  Hydralisk  
  119  25:29  Zergling x4  
  119  25:30  Zergling x12  
  111  25:40  Hydralisk  
  111  25:45  Zergling x6  
  114  25:53  Hydralisk  
  104  26:10  Lurker  
  104  26:11  Lurker  
  103  26:13  Zergling x6  
  103  26:14  Zergling x4  
  104  26:19  Hydralisk  
  93  26:41  Hydralisk x2  
  93  26:43  Zergling x8  
  95  26:52  Hydralisk  
  83  27:08  Overseer  
  83  27:12  Hatchery  
  83  27:13  Lurker  
  79  27:17  Zergling x2  
  79  27:18  Zergling x2  
  81  27:26  Lurker  
  81  27:27  Zergling x4  
  84  27:30  Zergling x2  
  73  28:07  Overseer x4  

Tags
 
Add a new tag
Caveats
  • Supply blocks, unpowered buildings, or Contaminate may cause inaccurate times.
  • Supply counts are checked every 10 seconds.